 Dungeon Crawl Stone Soup version 0.30-a0-219-gf2db51d15e (webtiles) character file.

Game seed: 5338009755184717197

62995 Morbidden the Cleaver (level 15, -5/92 HPs)
             Began as a Gargoyle Fighter on Oct 6, 2022.
             Was the Champion of Cheibriados.
             Slain by a titan zombie (10 damage)
             ... on level 15 of the Dungeon.
             The game lasted 00:27:53 (17225 turns).

Morbidden the Cleaver (Gargoyle Fighter)           Turns: 17225, Time: 00:27:54

Health: -5/92      AC: 33    Str: 32    XL:     15   Next: 8%
Magic:  25/25      EV: 14    Int: 37    God:    Cheibriados [******]
Gold:   1399       SH:  0    Dex: 24    Spells: 16/28 levels left

rFire   . . .      SeeInvis +    N - +6 lajatang of the Pariah {flame, rPois rN+ SInv}
rCold   + + +      Faith    .    (shield currently unavailable)
rNeg    + + .      Spirit   .    V - +2 chain mail {rC+}
rPois   ∞          Reflect  .    U - +0 helmet
rElec   +          Harm     .    y - +2 cloak
rCorr   .          Rampage  .    C - +1 pair of gloves
Will    +....                    j - +0 pair of boots
Stlth   ..........               q - amulet "Detim" {RegenMP rElec rC++ Regen+ Str-3}
HPRegen 1.15/turn                S - ring of wizardry
MPRegen 0.59/turn                d - +6 ring of intelligence

@: flying, studying Poison Magic, very slow
A: sickness immunity, AC +11, big wings, negative energy resistance 1,
electricity resistance, torment resistance 1, petrification resistance
a: Renounce Religion, Bend Time, Temporal Distortion, Slouch, Step From Time


You were on level 15 of the Dungeon.
You worshipped Cheibriados.
Cheibriados was exalted by your worship.
You visited 3 branches of the dungeon, and saw 19 of its levels.
You also visited: Sewer and Ice Cave.

You collected 1399 gold pieces.

Inventory:

Hand Weapons
 a - a +3 war axe
 G - a +2 eveningstar of distortion
 H - a +2 trident of freezing
 N - the +6 lajatang of the Pariah (weapon) {flame, rPois rN+ SInv}
   (You took it off an orc on level 10 of the Dungeon)

   It burns those it strikes, dealing additional fire damage.
   Big, fiery blades are also staple armaments of hydra-hunters.
   rPois:     It protects you from poison.
   rN:        It protects you from negative energy.
   SInv:      It lets you see invisible.
 O - a +1 morningstar of venom
Missiles
 g - 13 javelins
 P - 2 curare-tipped darts (quivered)
Armour
 c - a +1 buckler
 j - a +0 pair of boots (worn)
 r - a +0 buckler of cold resistance
 y - a +2 cloak (worn)
 C - a +1 pair of gloves (worn)
 U - a +0 helmet (worn)
 V - a +2 chain mail of cold resistance (worn)
 W - a scarf of resistance
Jewellery
 d - a +6 ring of intelligence (right hand)
 q - the amulet "Detim" (around neck) {RegenMP rElec rC++ Regen+ Str-3}
   (You acquired it on level 8 of the Dungeon)

   [amulet of magic regeneration]

   It increases your rate of magic regeneration.
   Str:       It affects your strength (-3).
   rC:        It greatly protects you from cold.
   rElec:     It insulates you from electricity.
   Regen:     It increases your rate of health regeneration.
 u - a +4 ring of protection
 D - a ring of wizardry
 R - a ring of ice
 S - a ring of wizardry (left hand)
Wands
 h - a wand of roots (2)
 t - a wand of mindburst (3)
 x - a wand of polymorph (21)
 z - a wand of paralysis (27)
 L - a wand of digging (16)
Scrolls
 f - 7 scrolls of teleportation
 k - 13 scrolls of identify
 o - 2 scrolls of amnesia
 B - a scroll of poison
 E - 2 scrolls of enchant weapon
 F - 3 scrolls of enchant armour
 I - 2 scrolls of torment
 K - 5 scrolls of magic mapping
 M - 4 scrolls of fog
Potions
 b - 2 potions of flight
 e - 3 potions of cancellation
 i - 3 potions of lignification
 m - 8 potions of curing
 n - 2 potions of magic
 p - 4 potions of invisibility
 s - 5 potions of brilliance
 v - 3 potions of heal wounds
 A - 2 potions of berserk rage
 Q - 2 potions of mutation
 X - a potion of experience {unknown}
 Y - 2 potions of resistance {unknown}
 Z - a potion of might
Miscellaneous
 w - a box of beasts
 J - a tin of tremorstones (2/2)
 T - a phantom mirror


   Skills:
 * Level 9.6 Fighting
 * Level 11.1(12.0) Axes
 * Level 8.1(12.2) Maces & Flails
 + Level 7.9(9.5) Staves
 + Level 1.0 Throwing
 * Level 10.4 Armour
 * Level 6.3 Dodging
 + Level 2.4 Stealth
 * Level 9.3 Shields
 * Level 7.0 Spellcasting
 * Level 3.3 Conjurations
 * Level 2.2 Air Magic
 * Level 3.9 Earth Magic
 * Level 6.9 Poison Magic
 * Level 7.4 Invocations
 + Level 0.8 Evocations


You had 16 spell levels left.
You knew the following spells:

 Your Spells              Type           Power      Damage    Failure   Level
a - Olgreb's Toxic Radia  Pois           59%        N/A       2%          4
b - Stone Arrow           Conj/Erth      78%        3d11      2%          3
c - Arcjolt               Conj/Air       16%        1d26      34%         5

Your spell library contained the following spells:

 Spells                   Type           Power      Damage    Failure   Level
 Sting                    Tmut/Pois      100%       1d8       1%          1
 Poisonous Vapours        Pois/Air       92%        N/A       1%          2
 Kiss of Death            Conj/Necr      100%       2d13      2%          1
 Apportation              Tloc           26%        N/A       4%          1
 Freeze                   Ice            52%        1d7       4%          1
 Necrotise                Necr           52%        1d6       4%          1
 Slow                     Hex            52%        N/A       4%          1
 Summon Small Mammal      Summ           52%        N/A       4%          1
 Vhi's Electric Charge    Tloc/Air       42%        N/A       9%          3
 Confusing Touch          Hex            13%        N/A       12%         3
 Gell's Gravitas          Tloc           13%        N/A       12%         3
 Inner Flame              Hex/Fire       13%        N/A       12%         3
 Ozocubu's Armour         Ice            13%        N/A       12%         3
 Teleport Other           Tloc           13%        N/A       12%         3
 Animate Armour           Summ/Erth      54%        N/A       19%         4
 Fulminant Prism          Conj/Hex       12%        3d9       21%         4
 Cause Fear               Hex            6%         N/A       38%         4
 Dispel Undead            Necr           13%        3d9       38%         4
 Summon Ice Beast         Ice/Summ       13%        N/A       38%         4
 Freezing Cloud           Conj/Ice/Air   13%        6-21      45%         5
 Silence                  Hex/Air        10%        N/A       56%         5
 Summon Mana Viper        Hex/Summ       13%        N/A       71%         5
 Yara's Violent Unravell  Hex/Tmut       6%         3d5       71%         5
 Dispersal                Tloc           6%         N/A       99%         6
 Enfeeble                 Hex            6%         N/A       100%        7
 Monstrous Menagerie      Summ           6%         N/A       100%        7
 Discord                  Hex            6%         N/A       100%        8
 Lehudib's Crystal Spear  Conj/Erth      19%        10d6      100%        8
 Maxwell's Capacitive Co  Air            14%        ∞         100%        8


Dungeon Overview and Level Annotations

Branches:
Dungeon (15/15)            Temple (1/1) D:5            Lair (3/5) D:10
 Shoals (0/4) Lair:3        Snake (0/4) Lair:3          Orc (0/2) D:10
 Vaults (0/5) D:14         Depths (0/4) D:15          Sewer (visited)
  IceCv (visited)

Altars:
Ashenzari
Cheibriados
Dithmenos
Elyvilon
Fedhas
Gozag
Hepliaklqana
Kikubaaqudgha
Makhleb
Nemelex Xobeh
Okawaru
Qazlal
Ru
Sif Muna
Uskayaw
Vehumet
Wu Jian
Xom
Yredelemnul
Zin
The Shining One

Shops:
D:7 :

Portals:
Trove: D:14 (give 8 potions of haste)

Annotations:
D:5 2 transporters, fly's ghost, novice DgDe
D:12 2 transporters
D:13 1 runed translucent door, Fageboor's ghost, journeyman OgGl
Lair:3 exclusion: oklob plant


Innate Abilities, Weirdness & Mutations

You are immune to sickness and miasma.
Your stone body is resilient. (AC +11)
You are immune to poison.
Your large and strong wings let you fly.
You resist negative energy. (rN+)
You are resistant to electric shocks. (rElec)
You are resistant to unholy torment.
You are immune to petrification.


Message History

The necromancer gestures at you while chanting.
Your body is wracked with pain!
You swing at nothing.
You slash the titan zombie! You burn the titan zombie.
The titan zombie is lightly damaged.
You slice the titan zombie!! You burn the titan zombie!
The titan zombie is moderately damaged.
You hit the necromancer. You burn the necromancer.
The necromancer is heavily wounded.
You barely miss the necromancer.
The necromancer is heavily wounded.
The necromancer hits you but does no damage.
You barely miss the necromancer.
The necromancer is heavily wounded.
The necromancer hits you but does no damage.
You slice the necromancer!! You burn the necromancer.
You kill the necromancer!
Cheibriados thoroughly appreciates the change of pace.
You hit the titan zombie. You burn the titan zombie.
The titan zombie is moderately damaged.
The titan zombie hits you but does no damage.
You hit the titan zombie. You burn the titan zombie.
The titan zombie is moderately damaged.
The titan zombie hits you!!
* * * LOW HITPOINT WARNING * * *
You slice the titan zombie like a ripe choko!!!
You burn the titan zombie!
The titan zombie is severely damaged.
You slash the titan zombie! You burn the titan zombie.
The titan zombie is severely damaged.
The titan zombie hits you!
* * * LOW HITPOINT WARNING * * *
You slash the titan zombie! You burn the titan zombie.
The titan zombie is severely damaged.
The titan zombie hits you!
* * * LOW HITPOINT WARNING * * *
You slash the titan zombie! You burn the titan zombie.
The titan zombie is almost destroyed.
The titan zombie hits you!
You die...

..8......## #.#
.P........ #.#
>......... #.#
.........# #.#
.8.W..P..# #.#
8.8.p8...##.# #.#
......ZZ....# #.#
#Z# #.# #@# #.#
#.# #.#
#.#############.#
#...............#
#################


You could see a fire giant zombie, a titan zombie and a frost giant skeleton.

Vanquished Creatures
  Rupert (D:13)
  Nessos (D:13)
  Fannar (D:11)
  2 vault guards (D:14)
  An ogre mage (D:11)
  Erolcha (D:10)
  2 centaur warriors
  A hydra (Lair:2)
  7 boulder beetles
  2 ironbound frosthearts (IceCv)
  5 death yaks (IceCv)
  4 two-headed ogres
  A tengu warrior (D:13)
  Urug (Lair:3)
  Sonja (D:11)
  2 skeletal warriors (D:15)
  3 necromancers
  A deep elf pyromancer (D:15)
  A phantasmal warrior (D:15)
  8 ugly things
  2 cyclopes (D:14)
  5 elephants (Lair:3)
  A manticore (D:14)
  A black mamba (Lair:3)
  An ice statue (IceCv)
  2 gargoyles
  4 cane toads
  4 komodo dragons
  2 unseen horrors
  2 yaktaurs
  A guardian mummy (D:14)
  A troll (D:13)
  8 polar bears (IceCv)
  4 hornets
  22 slime creatures
  A centaur simulacrum (D:13)
  19 humans (D:14)
  12 spriggans (Lair:3)
  62 yaks
  5 wyverns
  A death yak simulacrum (Lair:2)
  4 wraiths
  4 basilisks
  4 vampire mosquitoes (D:12)
  A swamp worm (shapeshifter) (D:13)
  An acid dragon (D:13)
  16 water moccasins
  Duvessa (D:4)
  A black bear (D:4)
  2 ice beasts (D:6)
  3 orc warriors
  An ogre (D:7)
  19 wolves (IceCv)
  3 boggarts (Lair:3)
  7 centaurs
  A kobold brigand (D:10)
  9 bullfrogs
  4 scorpions
  3 wights (D:9)
  Dowan (D:4)
  5 killer bees (D:11)
  An elephant simulacrum (Lair:2)
  3 howler monkeys
  2 electric eels (D:11)
  6 orc priests
  A hound (D:4)
  5 iguanas
  7 orc wizards
  5 hell rats (Lair:2)
  A polar bear simulacrum (Lair:2)
  A wolf simulacrum (Lair:2)
  3 gnolls (D:5)
  16 adders
  A white imp (D:8)
  3 ufetubi
  2 worms
  4 dart slugs
  18 orcs
  14 ball pythons
  5 bats
  16 endoplasms
  9 giant cockroaches
  5 goblins
  6 hobgoblins
  8 jackals
  19 quokkas
  10 frilled lizards (Sewer)
  11 kobolds
  8 rats
486 creatures vanquished.

Vanquished Creatures (others)
  4 fungi
  19 plants
23 creatures vanquished.

Grand Total: 509 creatures vanquished

Notes
Turn   | Place    | Note
-------+----------+-------------------------------------------
     0 | D:1      | Morbidden the Gargoyle Fighter began the quest for the Orb.
     0 | D:1      | Reached XP level 1. HP: 14/14 MP: 1/1
   234 | D:1      | Reached XP level 2. HP: 17/19 MP: 2/2
   299 | D:1      | Reached skill level 2 in Axes
  1006 | D:2      | Reached skill level 1 in Maces & Flails
  1006 | D:2      | Reached XP level 3. HP: 21/23 MP: 3/3
  1156 | D:2      | Found a basalt altar of Yredelemnul.
  1172 | D:2      | Reached XP level 4. HP: 27/29 MP: 5/5
  1726 | D:3      | Reached XP level 5. HP: 28/33 MP: 6/6
  1787 | D:3      | Reached skill level 1 in Spellcasting
  2050 | D:3      | Found a basalt altar of Yredelemnul.
  2050 | D:3      | Found a faded altar of an unknown god.
  2058 | D:3      | Found a broken altar of Ashenzari.
  2060 | D:3      | Found a shadowy altar of Dithmenos.
  2062 | D:3      | Found a faded altar of an unknown god.
  2331 | D:4      | Noticed a black bear
  2341 | D:4      | Killed a black bear
  2342 | D:4      | Reached skill level 3 in Axes
  2342 | D:4      | Reached skill level 1 in Dodging
  2342 | D:4      | Reached XP level 6. HP: 30/38 MP: 7/7
  2848 | D:4      | Noticed Dowan
  2849 | D:4      | Noticed Duvessa
  2863 | D:4      | Killed Duvessa
  2864 | D:4      | Reached skill level 4 in Axes
  2864 | D:4      | Reached XP level 7. HP: 18/43 MP: 9/9
  2867 | D:4      | Killed Dowan
  3051 | D:5      | Entered Level 5 of the Dungeon
  3060 | D:5      | Noticed fly's ghost (novice DgDe)
  3061 | D:5      | Found a transporter.
  3477 | D:5      | Found a transporter.
  3524 | D:5      | Found a staircase to the Ecumenical Temple.
  3603 | Temple   | Entered the Ecumenical Temple
  3612 | Temple   | Became a worshipper of Cheibriados the Contemplative
  4272 | D:6      | Found a glowing drain.
  4287 | Sewer    | Entered a sewer
  4323 | Sewer    | Reached * piety under Cheibriados
  4372 | Sewer    | Reached XP level 8. HP: 45/48 MP: 10/10
  4489 | Sewer    | Reached ** piety under Cheibriados
  4615 | Sewer    | Reached skill level 5 in Axes
  4751 | D:6      | Reached skill level 1 in Invocations
  4768 | D:6      | Reached skill level 5 in Shields
  4789 | D:6      | Reached skill level 5 in Fighting
  4803 | D:6      | Reached skill level 1 in Stealth
  5441 | D:7      | Reached skill level 5 in Armour
  5790 | D:7      | Reached XP level 9. HP: 44/54 MP: 12/12
  5865 | D:7      | Found Mithrag's Self-Improvement Boutique.
  6091 | D:8      | Reached skill level 6 in Axes
  6235 | D:8      | Identified a scroll of acquirement
  6267 | D:8      | Acquired the amulet "Detim" {RegenMP rElec rC++ Regen+
                  | Str-3}
  6390 | D:8      | Reached *** piety under Cheibriados
  6635 | D:9      | Noticed a two-headed ogre
  6643 | D:9      | Killed a two-headed ogre
  6822 | D:8      | Reached skill level 7 in Axes
  6879 | D:9      | Reached XP level 10. HP: 43/60 MP: 14/14
  7249 | D:9      | Reached skill level 8 in Axes
  7415 | D:9      | Identified the +1 robe of Lifelessness {SInv}
  7546 | D:10     | Entered Level 10 of the Dungeon
  7546 | D:10     | Noticed a two-headed ogre
  7557 | D:10     | Killed a two-headed ogre
  7558 | D:10     | Reached skill level 5 in Maces & Flails
  7619 | D:10     | Reached **** piety under Cheibriados
  7622 | D:10     | Reached skill level 9 in Axes
  7622 | D:10     | Reached XP level 11. HP: 25/66 MP: 17/17
  7684 | D:10     | Found a staircase to the Lair.
  7756 | D:10     | Found a staircase to the Orcish Mines.
  7993 | D:10     | Noticed Erolcha
  8076 | D:10     | Noticed a two-headed ogre
  8087 | D:10     | Killed a two-headed ogre
  8285 | D:10     | Identified the +6 lajatang of the Pariah {flame, rPois rN+
                  | SInv}
  8445 | D:10     | Killed Erolcha
  8504 | D:10     | Found a blossoming altar of Fedhas.
  8505 | D:10     | Found a burning altar of Makhleb.
  8505 | D:10     | Found a sacrificial altar of Ru.
  8506 | D:10     | Found a hazy altar of Hepliaklqana.
  8509 | D:10     | Found a shimmering blue altar of Sif Muna.
  8510 | D:10     | Found a hide-covered altar of Uskayaw.
  8566 | D:11     | Noticed Sonja
  8571 | D:11     | Paralysed by Sonja for 4 turns
  8576 | D:11     | Killed Sonja
  8576 | D:11     | Reached ***** piety under Cheibriados
  8630 | D:11     | Noticed a green ugly thing
  8630 | D:11     | Noticed a centaur warrior
  8630 | D:11     | Noticed an ogre mage
  8638 | D:11     | Killed a centaur warrior
  8639 | D:11     | Reached skill level 1 in Staves
  8643 | D:11     | Killed a green ugly thing
  8650 | D:11     | Killed an ogre mage
  8672 | D:11     | Reached XP level 12. HP: 39/72 MP: 19/19
  8677 | D:11     | Learned a level 4 spell: Olgreb's Toxic Radiance
  8702 | D:11     | Noticed Fannar
  8720 | D:11     | Killed Fannar
  8721 | D:11     | Reached skill level 5 in Invocations
  8803 | D:11     | Reached skill level 10 in Axes
  8803 | D:11     | Reached skill level 5 in Spellcasting
  9068 | D:11     | Noticed a boulder beetle
  9082 | D:11     | Killed a boulder beetle
  9083 | D:11     | Reached skill level 1 in Poison Magic
  9285 | Lair:1   | Entered Level 1 of the Lair of Beasts
  9498 | Lair:1   | Found a transporter.
  9500 | Lair:1   | Noticed a boulder beetle
  9501 | Lair:1   | Found a transporter.
  9502 | Lair:1   | Noticed a boulder beetle
  9566 | Lair:1   | Killed a boulder beetle
  9573 | Lair:1   | Killed a boulder beetle
  9610 | Lair:1   | Noticed a boulder beetle
  9616 | Lair:1   | Killed a boulder beetle
 10256 | Lair:2   | Found a frozen archway.
 10283 | IceCv    | Entered an ice cave
 10359 | IceCv    | Identified the amulet "Sixotz" {Acrobat rN+ Int+7 Dex-5}
 10492 | IceCv    | Reached skill level 5 in Staves
 10623 | IceCv    | Noticed a death yak
 10638 | IceCv    | Killed a death yak
 10639 | IceCv    | Reached skill level 5 in Dodging
 10639 | IceCv    | Reached XP level 13. HP: 64/78 MP: 21/21
 11100 | IceCv    | Got the Treatise on Ice
 11117 | IceCv    | Got the Treatise on Cursed Firn
 11861 | Lair:2   | Reached skill level 1 in Throwing
 12519 | Lair:3   | Reached skill level 5 in Poison Magic
 12546 | Lair:3   | Learned a level 3 spell: Stone Arrow
 12607 | Lair:3   | Found a staircase to the Snake Pit.
 12858 | Lair:3   | Noticed Urug
 12865 | Lair:3   | Killed Urug
 13305 | Lair:3   | Found a staircase to the Shoals.
 13369 | Lair:3   | Reached skill level 1 in Conjurations
 13462 | Lair:3   | Gained mutation: Your large and strong wings let you fly.
                  | [Gargoyle growth]
 13462 | Lair:3   | Reached XP level 14. HP: 85/86 MP: 20/23
 13466 | Lair:3   | Reached skill level 1 in Earth Magic
 14045 | D:12     | Learned a level 5 spell: Arcjolt
 14201 | D:12     | Found a transporter.
 14208 | D:12     | Found a transporter.
 14463 | D:12     | Found a transporter.
 14678 | D:12     | Found a transporter.
 14768 | D:13     | Noticed Nessos
 14776 | D:13     | Killed Nessos
 14807 | D:13     | Reached skill level 1 in Air Magic
 14895 | D:13     | Noticed Rupert
 15053 | D:13     | Paralysed by Rupert for 4 turns
 15059 | D:13     | Killed Rupert
 15367 | D:13     | Found a runed translucent door.
 15497 | D:13     | Found a shimmering altar of Xom.
 15500 | D:13     | Found an ancient bone altar of Kikubaaqudgha.
 15500 | D:13     | Found a sparkling altar of Nemelex Xobeh.
 15502 | D:13     | Found a burning altar of Makhleb.
 15502 | D:13     | Found a basalt altar of Yredelemnul.
 15502 | D:13     | Found an ancient bone altar of Kikubaaqudgha.
 15557 | D:13     | Reached skill level 10 in Armour
 15557 | D:13     | Reached ****** piety under Cheibriados
 15671 | D:13     | Noticed Fageboor's ghost (journeyman OgGl)
 15874 | D:14     | Reached skill level 11 in Axes
 15903 | D:14     | Found a gate to the Vaults.
 16713 | D:14     | Found a portal to a secret trove of treasure.
 17151 | D:15     | Entered Level 15 of the Dungeon
 17157 | D:15     | Reached XP level 15. HP: 86/91 MP: 25/25
 17190 | D:15     | Found a staircase to the Depths.
 17224 | D:15     | HP: 4/92 [titan zombie (16)]
 17225 | D:15     | Slain by a titan zombie

Illustrated notes

Levels and vault maps discovered:
D:1:      lemuel_arrival_tunnels, layout_loops_corners
D:2:      layout_rooms, basic_altar
D:3:      layout_rooms, chequers_temple_overflow_minitemple,
          chequers_serial_rivers_small_a
D:4:      layout_loops_cross, uniq_duvessa
D:5:      layout_basic, minmay_temple_entry_offerings, gammafunk_ghost_arena
D:6:      layout_cave_pools, portal_sewer_entry_f, dk_rats_in_the_wall
D:7:      layout_basic, kennysheep_decorative_pillar, nicolae_shop_self_help
D:8:      layout_gridville
D:9:      layout_loops_ring
D:10:     layout_loops_ring, minitemple, minmay_lair_entry_grove, orc_0_dummy,
          minmay_strange_pillars, uniq_erolcha
D:11:     layout_basic, grunt_decor_clamped, minmay_radiant, uniq_sonja,
          uniq_fannar
D:12:     layout_loops_ring, nicolae_transporter_intersection
D:13:     layout_cave_pools, ebering_ghost_reflecting_pool, doesnt_xom_only_xom,
          uniq_nessos, uniq_rupert
D:14:     layout_layer_cave, grunt_vaults_entry_tiered,
          hangedman_abyss_or_decor_stabs, nicolae_trove_entry_path_of_doom
D:15:     gammafunk_depths_entry_grave, layout_basic, small_statue_alley_a,
          uniq_jorgrun, uniq_josephine, uniq_roxanne
Temple:   nicolae_temple_ecumenical_triangle
Lair:1:   gammafunk_boulding_lane, layout_gridlike, infiniplex_staircase_pool,
          grunt_megastairs_3, lemuel_fruit_tree
Lair:2:   layout_regular_city, portal_ice_cave_entry_ice_simulacra
Lair:3:   kb_forest_paths, layout_misc_corridors, elwin_shoals_entry_rocks,
          uniq_urug

Skill      XL: |  1  2  3  4  5  6  7  8  9 10 11 12 13 14 |
---------------+-------------------------------------------+-----
Axes           | 2 3 4 5 7 9 10 11 | 11.1
Maces & Flails | 1 2 3 4 5 6 7 8 |  8.1
Shields        | 4 5 6 7 8 9 |  9.3
Spellcasting   | 1 2 3 4 5 6 7 |  7.0
Fighting       | 4 5 6 7 8 9 |  9.6
Dodging        | 1 2 3 4 5 6 |  6.3
Armour         | 4 5 6 7 8 9 10 | 10.4
Invocations    | 1 2 4 5 6 7 |  7.4
Stealth        | 1 2 |  2.4
Staves         | 2 5 6 7 |  7.9
Poison Magic   | 3 5 6 |  6.9
Throwing       | 1 |  1.0
Conjurations   | 1 3 |  3.3
Earth Magic    | 3 |  3.9
Air Magic      | 2 |  2.2
Evocations     | |  0.8

Action                   |  1- 3 |  4- 6 |  7- 9 | 10-12 | 13-15 || total
-------------------------+-------+-------+-------+-------+-------++-------
Melee: War axe           |   109 |   180 |   406 |   208 |       ||   903
       Lajatang          |       |       |       |   337 |   583 ||   920
Throw: Javelin           |       |       |       |     9 |     3 ||    12
       Dart              |       |       |       |     6 |     1 ||     7
 Cast: Olgreb's Toxic Ra |       |       |       |       |    32 ||    32
       Stone Arrow       |       |       |       |       |    32 ||    32
Invok: Slouch            |       |       |       |     2 |     7 ||     9
Evoke: Wand              |       |       |       |     5 |     2 ||     7
       Tin of tremorston |       |       |       |       |     2 ||     2
       Phantom mirror    |       |       |       |       |     1 ||     1
  Use: Scroll            |       |       |    14 |    17 |     6 ||    37
       Potion            |       |       |       |       |     2 ||     2
 Stab: Paralysed         |       |       |       |       |     4 ||     4
Armor: Scale mail        |    79 |    58 |       |       |       ||   137
       Plate armour      |       |   120 |   352 |   435 |   116 ||  1023
       Chain mail        |       |       |       |       |   455 ||   455
Dodge: Dodged            |    70 |    75 |   164 |   269 |   514 ||  1092
Block: Buckler           |    36 |    49 |   158 |    63 |       ||   306

Table legend: (Time is in decaauts)
 A = Elapsed time spent in this place.
 B = Non-inter-level travel time spent in this place.
 C = Inter-level travel time spent in this place.
 D = Time resting spent in this place.
 E = Time spent auto-exploring this place.
 F = Levels seen in this place.
 G = Mean time per level.
                   A        B        C        D        E       F      G
               +--------+--------+--------+--------+--------+-----+--------+
         Total |  24712 |  23581 |   1131 |   1090 |  17797 |  21 | 1176.8 |
       Dungeon |  16918 |  16128 |    790 |    427 |  12676 |  15 | 1127.9 |
        Temple |     24 |     14 |     10 |      0 |      0 |   1 |   24.0 |
          Lair |   5656 |   5326 |    330 |    468 |   4044 |   3 | 1885.3 |
         Sewer |    541 |    541 |      0 |      0 |    235 |   1 |  541.0 |
      Ice Cave |   1571 |   1571 |      0 |    193 |    841 |   1 | 1571.0 |
               +--------+--------+--------+--------+--------+-----+--------+

Top non-repeatable levels by time:
    D:14: 2661 daAuts
  Lair:3: 2493 daAuts
    D:10: 1614 daAuts
  Lair:2: 1585 daAuts
  Lair:1: 1577 daAuts
   IceCv: 1571 daAuts
    D:13: 1390 daAuts
     D:5: 1259 daAuts
     D:7: 1242 daAuts
    D:11: 1182 daAuts
    D:12: 1180 daAuts
     D:9: 1120 daAuts
     D:8: 1008 daAuts
     D:1: 1004 daAuts
     D:6: 987 daAuts
